 Dungeon Crawl Stone Soup version 0.31.0-32-g396128a36d (webtiles) character file.

Game seed: 2527918992317680779

42 tizbic2 the Apothecary (level 3, -7/29 HPs)
             Began as a Djinni Earth Elementalist on Mar 19, 2024.
             Mangled by a goblin
             ... wielding a +0 dagger of electrocution
             ... led by Robin
              (16 damage)
             ... on level 2 of the Dungeon.
             The game lasted 00:05:08 (1059 turns).

tizbic2 the Apothecary (Djinni Earth Elementalist)  Turns: 1059, Time: 00:05:13

Health: -7/29      AC:  3    Str:  9    XL:     3   Next: 77%
Gold:   84         EV:  8    Int: 16    God:
                   SH:  0    Dex: 13

rFire   + + .        a - +0 dagger (vamp)
rCold   x . .        (no shield)
rNeg    . . .        e - +0 leather armour
rPois   ∞            (no helmet)
rElec   .            (no cloak)
rCorr   .            (no gloves)
SInv    .            (boots unavailable)
Will    .....        (no amulet)
Stlth   ++           (no ring)
HPRegen 0.24/turn    (no ring)
MPRegen 0.00/turn

%: infuse magic (-8 HP)
@: flying, constricted
A: sickness immunity, fire resistance 2, cold vulnerability 1, float, innate
caster, HP casting, extra vitality 1
a: no special abilities


You were on level 2 of the Dungeon.
You visited 1 branch of the dungeon, and saw 2 of its levels.

You collected 84 gold pieces.

Inventory:

Hand Weapons
 a - a +0 vampiric dagger (weapon)
 j - a +0 long sword
 w - a +0 sling
Missiles
 l - 2 boomerangs
Armour
 e - a +0 leather armour (worn)
 f - a +0 robe
 g - a +0 scale mail
Talismans
 k - a blade talisman
Scrolls
 b - a scroll of identify {unknown}
 c - a scroll of summoning {unknown}
 d - a scroll of vulnerability {unknown}
 i - a scroll of acquirement {unknown}
Potions
 h - 2 potions of curing {unknown}
 m - a potion of ambrosia {unknown}


   Skills:
 * Level 2.4 Fighting
 + Level 1.5 Armour
 - Level 2.1 Dodging
 - Level 1.5 Stealth
 - Level 3.1 Spellcasting
 - Level 3.1 Conjurations
 - Level 3.1 Hexes
 - Level 3.1 Summonings
 - Level 3.1 Necromancy
 - Level 3.1 Translocations
 - Level 3.1 Fire Magic
 - Level 3.1 Ice Magic
 - Level 3.1 Air Magic
 - Level 3.1 Earth Magic
 - Level 3.1 Alchemy


You knew the following spells:

 Your Spells              Type           Power      Damage    Failure   Level
a - Sandblast             Erth           24%        2d8       7%          1
b - Passwall              Erth           12%        N/A       22%         3
c - Stone Arrow           Conj/Erth      24%        3d8       22%         3
d - Petrify               Alch/Erth      12%        N/A       56%         4
e - Brom's Barrelling Bo  Conj/Erth      12%        2d4       56%         4
f - Slow                  Hex            48%        N/A       7%          1
Your spell library was empty.

Dungeon Overview and Level Annotations

Branches:
Dungeon (2/15)

Altars:

Annotations:
D:2 Robin, Sigmund


Innate Abilities, Weirdness & Mutations

You are immune to sickness and miasma.
You are immune to poison.
Your flesh is very heat resistant. (rF++)
You are vulnerable to cold. (rC-)
You float through the air rather than walking.
You learn spells naturally, not from books.
Your magical power is your life essence.
You have superior vitality. (+4 MHP)


Message History

Sigmund flickers and vanishes!
Deactivating autopickup; reactivate with Ctrl-A.
Robin throws the goblin at you! The goblin attacks as it pursues you!
The goblin hits you with a +0 club. Robin throws the goblin at you!
The goblin attacks as it pursues you! The goblin completely misses you.
Robin roars a battlecry!
The goblins go into a battle-frenzy!
You hear some strange, mumbled words.
Something tries to affect you, but you resist.
Robin throws the goblin at you!
You shoot a sling bullet. The sling bullet hits the goblin.
You kill the goblin!
You hear a splash.
Robin throws the goblin at you! The goblin attacks as it pursues you!
The goblin hits you with a +0 club.
The goblin splashes around in the water.
Things that are here:
a +0 dagger; a goblin corpse The goblin hits you with a +0 dagger of electrocution.
You are electrocuted!
A ball python comes into view.
The ball python hisses angrily.
The goblin attacks as it pursues you! The goblin closely misses you.
You feel a sense of dread.
a - a +0 vampiric dagger (weapon)
You hit the goblin.
The goblin is moderately wounded.
You barely miss the goblin.
The goblin is moderately wounded.
The ball python barely misses you. The ball python grabs you.
The ball python constricts you.
You hear a splashing noise.
You closely miss the ball python.
The ball python bites you but does no damage.
The ball python constricts you.
The goblin hits you with a +0 dagger of electrocution.
You are electrocuted!
Ouch! That really hurt!
You die...

..###
##.#~~≈≈~......
###
#...g≈≈~~##.###
....g≈≈~....#
#...g≈≈~....#
#..#~≈≈g##.##
....g≈≈)g#...
....g{≈≈~####.#
....#~≈≈g## #
....#~≈@g~# ...
#~g≈S~#
.....#~≈≈~~#
.....#~~≈≈~..
.....##~≈≈~...#
.... #~~~~.#.#
... #.##....#
#.# ..#.


You could see Robin, 5 hobgoblins, 4 goblins and a ball python.

Vanquished Creatures
  A dart slug (D:1)
  2 ball pythons
  2 endoplasms (D:1)
  6 goblins
  7 hobgoblins
  2 jackals (D:1)
  2 quokkas (D:1)
  3 bats (D:1)
  4 frilled lizards
  A kobold (D:1)
  5 rats (D:1)
35 creatures vanquished.

Notes
Turn   | Place    | Note
-------+----------+-------------------------------------------
     0 | D:1      | tizbic2 the Djinni Earth Elementalist began the quest for
                  | the Orb.
     0 | D:1      | tizbic2 set off with the following spells memorised:
                  | Sandblast, Passwall, Stone Arrow, Petrify, Brom's
                  | Barrelling Boulder.
     0 | D:1      | Reached XP level 1. HP: 15/15 MP: 0/0
    94 | D:1      | Reached skill level 1 in Fighting
   102 | D:1      | Reached XP level 2. HP: 21/22 MP: 0/0
   247 | D:1      | Reached skill level 1 in Armour
   283 | D:1      | Found a faded altar of an unknown god.
   319 | D:1      | Reached XP level 3. HP: 23/28 MP: 0/0
   319 | D:1      | Learned a level 1 spell: Slow
  1039 | D:2      | Noticed Robin
  1042 | D:2      | Noticed Sigmund
  1059 | D:2      | Mangled by a goblin

Illustrated notes

Levels and vault maps discovered:
D:1:      mrwooster_arrival_statue_3, layout_basic,
          ebering_ecumenical_altar_abandoned
D:2:      wander_river, layout_loops_cross, uniq_sigmund, uniq_robin

Skill      XL: |  1  2  3 |
---------------+----------+-----
Fighting       | 1 2 |  2.4
Armour         | 1 |  1.5
Dodging        | |  2.1
Stealth        | |  1.5
Spellcasting   | |  3.1
Conjurations   | |  3.1
Hexes          | |  3.1
Summonings     | |  3.1
Necromancy     | |  3.1
Translocations | |  3.1
Fire Magic     | |  3.1
Ice Magic      | |  3.1
Air Magic      | |  3.1
Earth Magic    | |  3.1
Alchemy        | |  3.1

Action                     || total
---------------------------++-------
  Melee: Dagger            ||    31
   Fire: Sling             ||    11
   Cast: Sandblast         ||    33
         Stone Arrow       ||     1
         Passwall          ||     1
 Armour: Leather armour    ||    48
  Dodge: Dodged            ||    31
         Form:             ||     1
         Blade             ||     1
